 Dungeon Crawl Stone Soup version 0.23.2-40-g277498a001 (webtiles) character file.

Game seed: 17151126054535292469

1582 MalarOregon the Destroyer (level 8, -5/57 HPs)
             Began as a Yellow Draconian Conjurer on Sept 8, 2019.
             Was a Believer of Elyvilon.
             Shot with a bolt by an orc warrior (17 damage)
             ... in a bailey on Sept 9, 2019.
             The game lasted 00:14:43 (8170 turns).

MalarOregon the Destroyer (DrCj)                    Turns: 8170, Time: 00:14:43

Health: -5/57      AC:  6    Str: 10    XL:     8   Next: 60%
Magic:  16/26      EV: 12    Int: 22    God:    Elyvilon [**....]
Gold:   221        SH:  0    Dex: 12    Spells: 14/19 levels left

rFire    . . .     SeeInvis .   u - +8 hand axe of Mukammaegh {chop, Int+4}
rCold    . . .     Gourm    .   (no shield)
rNeg     . . .     Faith    .   (armour unavailable)
rPois    .         Spirit   .   b - +0 hat
rElec    .         Reflect  .   (no cloak)
rCorr    +         Harm     .   (no gloves)
MR       .....                  (no boots)
Stlth    ++........             p - amulet of magic regeneration
HPRegen  0.19/turn              s - ring of magical power
MPRegen  0.45/turn              (no ring)

@: no status effects
A: spit acid, unfitting armour, cold-blooded, acid resistance, AC +6
a: Breathe Acid, Lesser Healing, Heal Other, Divine Protection, Renounce
Religion


You were in a bailey.
You worshipped Elyvilon.
Elyvilon was pleased with you.
You were not hungry.

You visited 2 branches of the dungeon, and saw 8 of its levels.
You also visited: Bailey.

You collected 221 gold pieces.

Inventory:

Hand Weapons
 u - the +8 hand axe of Mukammaegh (weapon) {chop, Int+4}
   (You found it on level 4 of the Dungeon)

   It inflicts extra damage upon your enemies.
   It affects your intelligence (+4).
 A - the +6 morningstar of Lamniash {elec, Fragile rElec rPois Stlth+, unknown}
   (You found it on level 7 of the Dungeon)

   Occasionally, upon striking a foe, it will discharge some electrical energy
   and cause terrible harm.
   It insulates you from electricity.
   It protects you from poison.
   It will be destroyed if unequipped.
   It makes you more stealthy.
Armour
 b - a +0 hat (worn)
   (You found it on level 2 of the Dungeon)
 h - a +0 large shield
   (You found it on level 2 of the Dungeon)
Jewellery
 p - an amulet of magic regeneration (around neck)
   (You found it on level 3 of the Dungeon)
 s - a ring of magical power (left hand)
   (You found it on level 5 of the Dungeon)
Wands
 q - a wand of polymorph (7)
   (You found it on level 3 of the Dungeon)
 t - a wand of enslavement (16)
   (You found it on level 4 of the Dungeon)
Scrolls
 d - a scroll of fear {unknown}
 g - 3 scrolls of enchant weapon {unknown}
 i - 8 scrolls of identify {@r1}
 j - a scroll of amnesia {unknown}
 k - 3 scrolls of remove curse {@r2}
 l - 5 scrolls of teleportation {unknown}
 r - a scroll of enchant armour {unknown}
 v - a scroll of immolation {unknown}
 x - a scroll of random uselessness {unknown}
 y - a scroll of fog {unknown}
Potions
 c - a potion of heal wounds {unknown}
 f - a potion of resistance {unknown}
 m - a potion of agility {unknown}
 n - a potion of curing {@q1}
 o - a potion of haste {unknown}
 z - a potion of lignification {unknown}
Comestibles
 e - 11 rations {!d}
 w - 6 chunks of flesh


   Skills:
 - Level 1.7 Dodging
 - Level 1.7 Stealth
 + Level 6.0 Spellcasting
 * Level 9.8 Conjurations


You had 14 spell levels left.
You knew the following spells:

 Your Spells              Type           Power        Failure   Level  Hunger
a - Magic Dart            Conj           ####         1%          1    None
x - Iskenderun's Mystic   Conj           #####...     1%          4    ###....

Your spell library contained the following spells:

 Spells                   Type           Power        Failure   Level  Hunger
 Searing Ray              Conj           #####.       1%          2    None
 Dazzling Spray           Conj/Hex       ####..       3%          3    #......
 Animate Skeleton         Necr           N/A          9%          1    None
 Pain                     Necr           #...         9%          1    None
 Force Lance              Conj/Tloc      ####....     12%         4    ###....
 Fulminant Prism          Conj/Hex       ####......   12%         4    ###....
 Regeneration             Chrm/Necr      #.........   26%         3    #......
 Vampiric Draining        Necr           #.........   26%         3    #......
 Animate Dead             Necr           N/A          65%         4    ###....


Dungeon Overview and Level Annotations

Branches:
Dungeon (7/15)             Temple (1/1) D:5

Altars:
Ashenzari
Cheibriados
Dithmenos
Elyvilon
Fedhas
Gozag
Hepliaklqana
Kikubaaqudgha
Makhleb
Nemelex Xobeh
Okawaru
Qazlal
Ru
Sif Muna
Trog
Uskayaw
Wu Jian
Xom
Yredelemnul
Zin
The Shining One


Innate Abilities, Weirdness & Mutations

You can spit globs of acid.
Your golden yellow scales are hard. (AC +6)
You cannot fit into any form of body armour.
You are cold-blooded and may be slowed by cold attacks.
You are resistant to acid. (rCorr)


Message History

Found a hand axe.
Found 13 gold pieces.
Found a robe.
Some of the chunks of flesh in your inventory have rotted away.
You see here a bullfrog skeleton.
You see here a +0 spear.
You enter the shallow water.
Moving in this stuff is going to be slow.
There is a flagged portal here.
The world spins around you as you enter the gateway.
You enter a bailey! 3 orcs and 3 orc warriors come into view.
Found two gates leading back out of this place.
There is an empty arch of ancient stone here.
Aim: an orc, wielding a +0 trident and wearing a +0 scale mail (resting)
The magic dart hits the orc.
The orc shouts!
The orc warrior shouts!
You hear a shout!
The orc warrior shouts!
You hear a shout! x2
Aim: an orc, wielding a +0 trident and wearing a +0 scale mail (heavily wounded)
The magic dart hits the orc but does no damage.
Aim: an orc, wielding a +0 trident and wearing a +0 scale mail (heavily wounded)
The magic dart hits the orc but does no damage.
The orc warrior shouts!
You hear a shout!
An orc warrior comes into view. It is wielding a +0 halberd.
The orc warrior shoots a bolt.
The bolt barely misses you.
Aim: an orc, wielding a +0 trident and wearing a +0 scale mail (heavily wounded)
The magic dart hits the orc.
You kill the orc!
An orc comes into view. It is wielding a +0 trident.
Aim: an orc warrior, wielding a +0 halberd and wearing a +0 ring mail The magic dart hits the orc warrior.
An orc warrior comes into view. It is wielding a +0 glaive.
The orc warrior moves out of view.
There is a gate leading back out of this place here.
The orc warrior shoots a bolt.
The bolt hits you!! The orc warrior closely misses you.
Aim: an orc warrior, wielding a +0 halberd and wearing a +0 ring mail (lightly wounded)
The orb of energy hits the orc warrior!
The orb of energy explodes!
You hear a shout!
The orc warrior shoots a bolt.
The bolt hits you!!
* * * LOW HITPOINT WARNING * * *
Aim: an orc warrior, wielding a +0 halberd and wearing a +0 ring mail (severely wounded)
The orb of energy hits the orc warrior!
You kill the orc warrior!
Your Spellcasting skill increases to level 6!
As you read the scroll labeled BUODO DOWUXAOLUM, it crumbles to dust.
You feel aware of your surroundings.
You sensed 2 shops/portals.
It was a scroll of magic mapping.
The orc warrior shoots a bolt.
The bolt hits you!
You die...

**,****####*##∩##*####****,**
*,,,**,....##...##....,**,,,*
*,,,*,,≈≈≈..#...#.o≈≈≈,,*,,,*
*,,,*,≈≈o≈≈.......≈≈o≈≈,*,,,*
*,,,',≈,∩o≈.......≈o∩,≈,+,,,*
*,,,*,≈≈,≈≈.......≈≈,≈≈,*,,,*
*,,,*,,≈≈≈,,#.).#,,≈≈≈,,*,,,*
*,,,**,,,,,*#.(.#*,,,,,**,,,*
**,*********##@##*********,**
*** ### ***


You could see an orc warrior.

Vanquished Creatures
  An orc warrior (Bailey)
  A phantom (D:6)
  2 centaurs
  2 ogres (D:7)
  2 bullfrogs
  2 scorpions (D:5)
  2 howler monkeys
  A crimson imp (D:7)
  A centaur zombie (D:5)
  2 bullfrog zombies
  2 hounds
  2 orc wizards (D:6)
  5 worker ants
  2 iguanas
  2 hound skeletons
  A gnoll (D:4)
  13 adders
  10 river rats (D:5)
  4 oozes
  An adder skeleton (D:4)
  An adder zombie (D:1)
  4 worms
  A dart slug (D:2)
  4 leopard geckos
  9 orcs
  5 bats
  5 giant cockroaches
  7 goblins
  9 hobgoblins
  6 jackals
  A ball python (D:6)
  A ball python skeleton (D:4)
  5 frilled lizards
  4 kobolds
  A leopard gecko zombie (D:1)
  2 quokka skeletons
  15 rats
138 creatures vanquished.

Notes
Turn   | Place    | Note
-------+----------+-------------------------------------------
     0 | D:1      | MalarOregon the Draconian Conjurer began the quest for the
                  | Orb.
     0 | D:1      | Reached XP level 1. HP: 14/14 MP: 3/3
   218 | D:1      | Reached XP level 2. HP: 19/20 MP: 5/5
   943 | D:2      | Reached XP level 3. HP: 25/26 MP: 0/6
  1480 | D:2      | Reached skill level 5 in Conjurations
  1966 | D:2      | Reached XP level 4. HP: 20/33 MP: 0/8
  2578 | D:4      | Reached XP level 5. HP: 10/38 MP: 5/9
  2889 | D:4      | Got an ancient hand axe
  3167 | D:4      | Reached skill level 6 in Conjurations
  3911 | D:5      | Entered Level 5 of the Dungeon
  4050 | D:5      | Reached XP level 6. HP: 38/45 MP: 11/11
  4450 | D:5      | Found a staircase to the Ecumenical Temple.
  4463 | Temple   | Entered the Ecumenical Temple
  4817 | Temple   | Became a worshipper of Elyvilon the Healer
  4855 | D:5      | Identified the +8 hand axe of Mukammaegh {chop, Int+4} (You
                  | found it on level 4 of the Dungeon)
  5169 | D:5      | Reached skill level 7 in Conjurations
  5627 | D:5      | Reached * piety under Elyvilon
  6124 | D:5      | Learned a level 4 spell: Iskenderun's Mystic Blast
  6172 | D:5      | Your scales start taking on a golden yellow colour.
  6172 | D:5      | Reached XP level 7. HP: 33/50 MP: 13/13
  6172 | D:5      | Gained mutation: You are resistant to acid. (rCorr) [Yellow
                  | Draconian growth]
  6921 | D:6      | Reached skill level 8 in Conjurations
  6949 | D:6      | Reached skill level 5 in Spellcasting
  7133 | D:6      | Reached ** piety under Elyvilon
  7217 | D:6      | Reached XP level 8. HP: 42/57 MP: 15/15
  7745 | D:7      | Reached skill level 9 in Conjurations
  7904 | D:7      | Got a bloodstained morningstar
  8010 | D:7      | Found a flagged portal.
  8160 | Bailey   | Entered a bailey
  8170 | Bailey   | Shot with a bolt by an orc warrior

Skill      XL: |  1  2  3  4  5  6  7  8 |
---------------+-------------------------+-----
Conjurations   | 5 6 7 8 9 |  9.8
Spellcasting   | 3 4 5 6 |  6.0
Dodging        | |  1.7
Stealth        | |  1.7

Action                   |  1- 3 |  4- 6 |  7- 9 || total
-------------------------+-------+-------+-------++-------
Melee: Unarmed           |    70 |     2 |       ||    72
       Tailslap          |    10 |     4 |     9 ||    23
       Whip              |    11 |       |       ||    11
       Great sword       |       |    48 |       ||    48
       Hand axe          |       |    38 |    89 ||   127
 Cast: Magic Dart        |    97 |    87 |    43 ||   227
       Iskenderun's Myst |       |       |    22 ||    22
  Use: Scroll            |     2 |       |     1 ||     3
       Potion            |       |     2 |       ||     2
 Stab: Sleeping          |     2 |     1 |     2 ||     5
       Invisible         |       |     1 |       ||     1
  Eat: Chunk             |     4 |     8 |     8 ||    20
       Ration            |       |     2 |       ||     2
Armor: Skin              |    33 |    37 |    27 ||    97
Dodge: Dodged            |    80 |    83 |    57 ||   220
       Rpst.: Great sword |       |     6 |       ||     6
